 Dungeon Crawl Stone Soup version 0.29-a0-577-gafbf2c5d25 (webtiles) character file.

Game seed: 1847179195349475821

66 avis the Shooter (level 3, -13/29 HPs)
             Began as a Demigod Hunter on June 14, 2022.
             Mangled by Crazy Yiuf
             ... wielding a +3 quarterstaff of chaos
              (14 damage)
             ... on level 2 of the Dungeon.
             The game lasted 00:08:19 (1999 turns).

avis the Shooter (Demigod Hunter)                   Turns: 1999, Time: 00:08:19

Health: -13/29     AC:  3    Str: 12    XL:     3   Next: 69%
Magic:  5/5        EV: 12    Int: 11    God:
Gold:   76         SH:  5    Dex: 21    Spells: 2/2 levels left

rFire   . . .      SeeInvis .   a - +1 shortbow
rCold   . . .      Faith    .   (shield currently unavailable)
rNeg    . . .      Spirit   .   b - +0 leather armour
rPois   .          Reflect  +   (no helmet)
rElec   .          Harm     .   (no cloak)
rCorr   .          Rampage  .   (no gloves)
Will    .....                   (no boots)
Stlth   ++........              p - amulet of reflection
HPRegen 0.09/turn               (no ring)
MPRegen 0.09/turn               (no ring)

@: invisible
A: high MP 1, forlorn, divine attributes
a: no special abilities


You were on level 2 of the Dungeon.
You visited 1 branch of the dungeon, and saw 2 of its levels.

You collected 76 gold pieces.

Inventory:

Hand Weapons
 a - a +1 shortbow (weapon)
 i - a +0 short sword
 m - a +0 long sword
 r - a +0 hunting sling
Missiles
 g - 4 boomerangs
 s - 2 poisoned darts
Armour
 b - a +0 leather armour (worn)
Jewellery
 p - an amulet of reflection (around neck)
Scrolls
 c - a scroll of immolation
 f - a scroll of torment {unknown}
 h - a scroll of teleportation {unknown}
 j - a scroll of noise {unknown}
 k - 3 scrolls of identify {unknown}
 l - a scroll of poison {unknown}
 t - 2 scrolls of enchant weapon {unknown}
Potions
 d - a potion of degeneration {unknown}
 e - 2 potions of mutation {unknown}
 n - a potion of heal wounds {unknown}
 o - a potion of magic {unknown}
 q - a potion of curing {unknown}


   Skills:
 - Level 2.0 Fighting
 * Level 5.0 Bows
 + Level 1.7 Dodging
 - Level 1.0 Stealth


You had 2 spell levels left.
You didn't know any spells.
Your spell library was empty.

Dungeon Overview and Level Annotations

Branches:
Dungeon (2/15)

Annotations:
D:2 Crazy Yiuf


Innate Abilities, Weirdness & Mutations

You have an increased reservoir of magic. (+10% MP)
You shall have no god before yourself.
Your divine heritage dramatically boosts your attributes as you level up.


Message History

Crazy Yiuf shouts!
Shoot: a) +1 shortbow
Press: ? - help, Q - select action, (/) - cycle Shift-Dir - straight line, f/p - Crazy Yiuf
Aim: Crazy Yiuf, wielding a +3 quarterstaff of chaos and wearing a +0 cloak (69% to hit)
You shoot an arrow. The arrow closely misses Crazy Yiuf.
Shoot: a) +1 shortbow
Press: ? - help, Q - select action, (/) - cycle Shift-Dir - straight line, f/p - Crazy Yiuf
Aim: Crazy Yiuf, wielding a +3 quarterstaff of chaos and wearing a +0 cloak (69% to hit)
You shoot an arrow. The arrow hits Crazy Yiuf!
Crazy Yiuf is heavily wounded.
Shoot: a) +1 shortbow
Press: ? - help, Q - select action, (/) - cycle Shift-Dir - straight line, f/p - Crazy Yiuf
Aim: Crazy Yiuf, wielding a +3 quarterstaff of chaos and wearing a +0 cloak (heavily wounded, 69% to hit)
You shoot an arrow.
The arrow hits Crazy Yiuf but does no damage.
Crazy Yiuf is heavily wounded.
Crazy Yiuf hits you with a +3 quarterstaff of chaos!
You fade into invisibility!
Crazy Yiuf screams, "Dawk horse alas!"
Crazy Yiuf hits you with a +3 quarterstaff of chaos!
* * * LOW HITPOINT WARNING * * *
Shoot: a) +1 shortbow
Press: ? - help, Q - select action, (/) - cycle Shift-Dir - straight line, f/p - Crazy Yiuf
Aim: Crazy Yiuf, wielding a +3 quarterstaff of chaos and wearing a +0 cloak (heavily wounded, can't see you, 69% to hit)
You shoot an arrow. The arrow hits Crazy Yiuf!
Crazy Yiuf is almost dead.
Crazy Yiuf hits you with a +3 quarterstaff of chaos!
* * * LOW HITPOINT WARNING * * *
Shoot: a) +1 shortbow
Press: ? - help, Q - select action, (/) - cycle Shift-Dir - straight line, f/p - Crazy Yiuf
Aim: Crazy Yiuf, wielding a +3 quarterstaff of chaos and wearing a +0 cloak (almost dead, can't see you, 69% to hit)
You shoot an arrow. The arrow completely misses Crazy Yiuf.
Crazy Yiuf barely misses you.
Shoot: a) +1 shortbow
Press: ? - help, Q - select action, (/) - cycle Shift-Dir - straight line, f/p - Crazy Yiuf
Aim: Crazy Yiuf, wielding a +3 quarterstaff of chaos and wearing a +0 cloak (almost dead, can't see you, 69% to hit)
You shoot an arrow. The arrow completely misses Crazy Yiuf.
Crazy Yiuf barely misses you.
Crazy Yiuf hits you with a +3 quarterstaff of chaos!
You die...

#.....#............
########...........
#...÷....... #####
#........... #)..#
#..........# #...#
#.......÷..# ...
#..#####...# #g#
#....####### ♣@♣♣
#........... ♣♣.♣
#........... ♣.♣♣
#........... ♣♣.♣
#..##....... ♣♣.♣♣
#..##....... ♣...♣
#..##....... ♣♣...♣
#..##...##.. #....#
#..##...##..
#....###..##...##..


You could see Crazy Yiuf (can't see you).

Vanquished Creatures
  3 dart slugs
  10 bats
  5 endoplasms (D:1)
  3 giant cockroaches
  2 goblins (D:2)
  6 hobgoblins
  2 jackals (D:2)
  6 kobolds (D:1)
  2 quokkas
  8 ball pythons
  A frilled lizard (D:1)
  6 rats
54 creatures vanquished.

Notes
Turn   | Place    | Note
-------+----------+-------------------------------------------
     0 | D:1      | avis the Demigod Hunter began the quest for the Orb.
     0 | D:1      | Reached XP level 1. HP: 17/17 MP: 3/3
    98 | D:1      | Reached skill level 4 in Bows
   280 | D:1      | Reached XP level 2. HP: 24/24 MP: 4/4
   801 | D:1      | Reached XP level 3. HP: 29/29 MP: 5/5
  1629 | D:2      | Reached skill level 1 in Stealth
  1745 | D:2      | Reached skill level 5 in Bows
  1988 | D:2      | Found a runed translucent door.
  1989 | D:2      | Noticed Crazy Yiuf
  1997 | D:2      | HP: 1/29 [Crazy Yiuf/+3 quarterstaff of chaos (7)]
  1999 | D:2      | Mangled by Crazy Yiuf

Illustrated notes

Levels and vault maps discovered:
D:1:      lightli_molten_gateway, layout_basic, serial_aquarium,
          aquarium_bridge_straight [aquarium_subvault_bridge,
          aquarium_subvault_wall, aquarium_subvault_bridge,
          aquarium_subvault_wall], aquarium_bridge_straight
          [aquarium_subvault_bridge, aquarium_subvault_balcony,
          aquarium_subvault_bridge, aquarium_subvault_window],
          aquarium_window_1, aquarium_window_fake, aquarium_window_fake,
          aquarium_view_2c, aquarium_view_2g, aquarium_pool_1,
          ebering_ecumenical_altar_hall, corexii_hall_statues_i,
          minmay_quantized
D:2:      layout_basic, uniq_crazy_yiuf_cottage

Skill      XL: |  1  2  3 |
---------------+----------+-----
Bows           | 4 5 |  5.0
Fighting       | 2 |  2.0
Stealth        | 1 |  1.0
Dodging        | |  1.7

Action                   || total
-------------------------++-------
 Fire: Shortbow          ||   121
Armor: Leather armour    ||     6
Dodge: Dodged            ||    31
Block: Other             ||     1

Table legend: (Time is in decaauts)
 A = Elapsed time spent in this place.
 B = Non-inter-level travel time spent in this place.
 C = Inter-level travel time spent in this place.
 D = Time resting spent in this place.
 E = Time spent auto-exploring this place.
 F = Levels seen in this place.
 G = Mean time per level.
                   A        B        C        D        E       F      G
               +--------+--------+--------+--------+--------+-----+--------+
         Total |   2038 |   1889 |    149 |    308 |   1231 |   2 | 1019.0 |
       Dungeon |   2038 |   1889 |    149 |    308 |   1231 |   2 | 1019.0 |
               +--------+--------+--------+--------+--------+-----+--------+

Top non-repeatable levels by time:
     D:1: 1219 daAuts
     D:2: 818 daAuts
